[Event "EYTCC Open U12 2018"]
[Site "Bad Blankeburg"]
[Date "2018.07.18"]
[Round "9"]
[White "Hagner, Bennet"]
[Black "Sokolovsky, Yahli"]
[Result "1/2-1/2"]
[ECO "B56"]
[WhiteElo "1947"]
[BlackElo "2106"]
[Annotator "NA"]
[PlyCount "103"]
[EventDate "2018.07.12"]
[EventType "swiss"]
[EventCountry "GER"]
[SourceTitle "playchess.com"]
[Source "ChessBase"]
[SourceQuality "1"]
[WhiteTeam "Germany"]
[BlackTeam "Israel"]
[WhiteTeamCountry "GER"]
[BlackTeamCountry "ISR"]
[TimeControl "40/5400+30:1800+30"]

1. e4 c5 2. Nf3 d6 3. d4 cxd4 4. Nxd4 Nf6 5. Nc3 Nbd7 6. Bd3 {[%emt 0:03:11] B56: Classical Sicilian: Unusual Lines} a6 7. O-O g6 8. Be3 (8. Re1 Bg7 9. a4 O-O 10. h3 Nc5 11. Bf1 Bd7 12. a5 Re8 13. Bg5 h6 14. Bh4 {0-1 (51) Motylev,A (2675)-Giri,A (2772) Tbilisi 2017}) 8... Bg7 9. f4 Qc7 10. a4 b6 $146 ({Predecessor:} 10... O-O 11. Qf3 Nb6 12. h3 Nc4 13. Bxc4 Qxc4 14. Rfd1 e6 15. Nb3 {1-0 (34) Guzenko,A (2091)-Bodnaruk,A (2331) St Petersburg 2007}) 11. a5 b5 12. Kh1 Bb7 13. Qe2 b4 14. Na4 Bxe4 15. Nb6 Nxb6 16. axb6 Bxd3 17. cxd3 Qb7 18. Nb3 O-O 19. Na5 Qd5 20. b7 Rae8 21. d4 e5 22. dxe5 dxe5 23. Qxa6 Ng4 24. Rad1 Qe4 25. Bc5 exf4 26. Bxf8 Bxf8 27. Qc6 Qe7 28. Nc4 Ne3 29. Rd7 Qg5 30. Nxe3 fxe3 31. Rdxf7 Qd8 32. Rxf8+ Rxf8 33. Qe6+ Kg7 34. Qe5+ Kh6 35. Qxe3+ Kg7 36. Qe5+ Kh6 37. Re1 Qd3 38. h3 Qd2 39. Rg1 Qd8 40. Re1 Qb8 41. Qe3+ Kg7 42. Qd4+ Kg8 43. Qd5+ Kh8 44. Qd4+ Kg8 45. Qc4+ Kh8 46. Re7 Qd6 47. Re6 Qd7 48. Qxb4 Rb8 49. Re7 Qd3 50. Qc3+ Qxc3 51. bxc3 h5 52. Rc7 1/2-1/2

[Event "EYTCC Open U12 2018"]
[Site "Bad Blankeburg"]
[Date "2018.07.18"]
[Round "9"]
[White "Aizenberg, Benny"]
[Black "Ermitsch, Magnus"]
[Result "1-0"]
[ECO "B85"]
[WhiteElo "1941"]
[BlackElo "1594"]
[Annotator "NA"]
[PlyCount "75"]
[EventDate "2018.07.12"]
[EventType "swiss"]
[EventCountry "GER"]
[SourceTitle "playchess.com"]
[Source "ChessBase"]
[SourceQuality "1"]
[WhiteTeam "Israel"]
[BlackTeam "Germany"]
[WhiteTeamCountry "ISR"]
[BlackTeamCountry "GER"]
[TimeControl "40/5400+30:1800+30"]

1. e4 c5 2. Nf3 e6 3. d4 cxd4 4. Nxd4 Nc6 5. Nc3 Qc7 6. Be2 a6 7. O-O Nf6 8. Be3 Be7 9. f4 d6 10. Qe1 O-O 11. Qg3 Bd7 12. Kh1 Rac8 13. e5 Nxd4 14. Bxd4 Ne8 15. Ne4 dxe5 16. fxe5 f5 17. exf6 Nxf6 18. Be5 Qd8 19. Rad1 Kh8 20. Ng5 Qe8 21. c4 h6 22. Ne4 Qf7 23. Rxd7 Nxe4 24. Qxg7+ Qxg7 25. Bxg7+ Kxg7 26. Rxe7+ Kg8 27. Rxf8+ Rxf8 28. Rxe6 Nc5 29. Re5 Nd7 30. Re7 Nc5 31. Bf3 Rf6 32. b4 Kf8 33. Rc7 Nd3 34. Rxb7 Ne5 35. c5 Nxf3 36. gxf3 Rxf3 37. a4 Rf4 38. c6 1-0

[Event "EYTCC Open U12 2018"]
[Site "Bad Blankeburg"]
[Date "2018.07.18"]
[Round "9"]
[White "Mizrahi, Ido"]
[Black "Deuer, Marius"]
[Result "1-0"]
[ECO "E32"]
[WhiteElo "1914"]
[BlackElo "1834"]
[Annotator "NA"]
[PlyCount "89"]
[EventDate "2018.07.12"]
[EventType "swiss"]
[EventCountry "GER"]
[SourceTitle "playchess.com"]
[Source "ChessBase"]
[SourceQuality "1"]
[WhiteTeam "Israel"]
[BlackTeam "Germany"]
[WhiteTeamCountry "ISR"]
[BlackTeamCountry "GER"]
[TimeControl "40/5400+30:1800+30"]

1. d4 Nf6 2. c4 e6 3. Nc3 Bb4 4. Qc2 O-O 5. Nf3 d6 6. a3 Bxc3+ 7. Qxc3 h6 8. e3 Qe7 9. b4 Nbd7 10. Bb2 Re8 11. Be2 b6 12. O-O Bb7 13. Rfd1 e5 14. dxe5 Nxe5 15. Nxe5 dxe5 16. Rac1 c5 17. b5 Qc7 18. Qc2 Be4 19. Bd3 Bb7 20. Bc3 Rad8 21. Qb2 Ba8 22. Bb1 Qb7 23. f3 Rxd1+ 24. Rxd1 Qe7 25. Qc2 g6 26. a4 Kg7 27. a5 Qe6 28. Bb2 Bb7 29. a6 Ba8 30. Qd3 e4 31. fxe4 Bxe4 32. Qxe4 Qxe4 33. Bxe4 Rxe4 34. Rd6 Re6 35. Rxe6 fxe6 36. Be5 Kf7 37. Bb8 Ke7 38. Bxa7 Kd7 39. Bxb6 Kc8 40. Bxc5 Kb8 41. b6 Nd7 42. Bd6+ Ka8 43. c5 e5 44. b7+ Ka7 45. c6 1-0

[Event "EYTCC Open U12 2018"]
[Site "Bad Blankeburg"]
[Date "2018.07.18"]
[Round "9"]
[White "Metzdorf, Matteo"]
[Black "Mekhane, Adam"]
[Result "0-1"]
[ECO "C90"]
[WhiteElo "1878"]
[BlackElo "1999"]
[Annotator "NA"]
[PlyCount "130"]
[EventDate "2018.07.12"]
[EventType "swiss"]
[EventCountry "GER"]
[SourceTitle "playchess.com"]
[Source "ChessBase"]
[SourceQuality "1"]
[WhiteTeam "Germany"]
[BlackTeam "France"]
[WhiteTeamCountry "GER"]
[BlackTeamCountry "FRA"]
[TimeControl "40/5400+30:1800+30"]

1. e4 e5 2. Nf3 Nc6 3. Bb5 a6 4. Ba4 Nf6 5. d3 b5 6. Bb3 Be7 7. O-O O-O 8. Re1 d6 9. c3 Na5 10. Bc2 c5 11. Nbd2 Nc6 12. Nf1 Re8 13. h3 {[%emt 0:03:37] LiveBook: 226 Partien} Bf8 14. d4 cxd4 15. cxd4 Nxd4 16. Nxd4 exd4 17. Qxd4 Qc7 18. Bb3 Bb7 19. Ng3 d5 20. e5 Bc5 21. Qf4 Bd6 22. Nf5 Rxe5 23. Rxe5 Bxe5 24. Qg5 Ne4 25. Qe7 Rc8 26. Be3 Bxb2 27. Rd1 Bf6 28. Qb4 a5 29. Qe1 Qd7 30. Nd4 a4 31. Bc2 Bxd4 32. Bxe4 dxe4 33. Bxd4 Qf5 34. Qe3 h6 35. Kf1 b4 36. Kg1 Kh7 37. h4 Ba6 38. Qg3 Qg6 39. Qf4 Be2 40. Re1 Bf3 41. g3 Rc2 42. Rb1 Qe6 43. Kh2 Qxa2 44. Rf1 Qc4 45. Qe5 f6 46. Qf5+ Kh8 47. Bxf6 gxf6 48. Qxf6+ Kh7 49. Qf5+ Kg7 50. Qe5+ Kf7 51. Qf5+ Ke7 52. Qe5+ Kd7 53. Qg7+ Kc6 54. Qf6+ Kd5 55. Qf5+ Kc6 56. Qc8+ Kd6 57. Qf8+ Ke5 58. Qf4+ Kd4 59. Qf6+ Kd3 $19 60. Qd6+ Kc3 61. Qf6+ Qd4 62. Qc6+ Kb2 63. Qb5 Rxf2+ 64. Kh3 Bg2+ 65. Kg4 Qg7+ 0-1

[Event "EYTCC Open U12 2018"]
[Site "Bad Blankeburg"]
[Date "2018.07.18"]
[Round "9"]
[White "Nitsche, Nikolai"]
[Black "Levin, Guy"]
[Result "0-1"]
[ECO "B31"]
[WhiteElo "1726"]
[BlackElo "2008"]
[Annotator "NA"]
[PlyCount "96"]
[EventDate "2018.07.12"]
[EventType "swiss"]
[EventCountry "GER"]
[SourceTitle "playchess.com"]
[Source "ChessBase"]
[SourceQuality "1"]
[WhiteTeam "Germany"]
[BlackTeam "Israel"]
[WhiteTeamCountry "GER"]
[BlackTeamCountry "ISR"]
[TimeControl "40/5400+30:1800+30"]

1. e4 c5 2. Nf3 Nc6 3. Bb5 g6 4. c3 Nf6 5. e5 Nd5 6. O-O Bg7 7. d4 cxd4 8. cxd4 O-O 9. Nc3 Nxc3 10. bxc3 d6 11. exd6 Qxd6 12. a4 Qc7 {[%emt 0:05:30] B31: Sicilian: 2...Nc6 3 Bb5 g6} 13. Ba3 a6 14. Bxc6 Qxc6 15. Bxe7 Re8 16. d5 Qxc3 17. Rc1 Qa5 18. d6 Bd7 19. Qb3 Bc6 {[%emt 0:04:47] [#]} 20. Rfe1 $146 ({Predecessor:} 20. Rxc6 bxc6 {1-0 (35) Arizmendi Martinez,J (2534)-Borchgrevink,H (2265) Gibraltar 2006}) 20... Bf8 21. Rxc6 bxc6 22. Re5 Rab8 23. Qd1 Qb6 24. Bxf8 Rxf8 25. h4 $19 Qb1 26. Re1 Qxd1 27. Rxd1 Rfd8 28. Ne5 Rbc8 29. Nc4 c5 30. f4 Rc6 31. Kf2 f6 32. Kf3 Kf7 33. g4 Ke6 34. g5 fxg5 35. hxg5 Rcxd6 36. Nxd6 Rxd6 37. Rh1 Rd7 38. Rb1 Kf5 39. Rb6 Rd3+ 40. Ke2 Ra3 41. Rxa6 Kxf4 42. Ra5 Kxg5 43. Rxc5+ Kh4 44. Ra5 g5 45. Ra8 g4 46. a5 g3 47. a6 g2 48. Rg8 Rg3 0-1